 Dungeon Crawl Stone Soup version 0.17-a0-2064-g265a032 (webtiles) character file.

362 Shim the Charmwright (level 6, -4/39 HPs)
             Began as a High Elf Skald on Oct 12, 2015.
             Killed by divine providence
             ... invoked by an orc priest
              (10 damage)
             ... on level 4 of the Dungeon.
             The game lasted 00:23:14 (3959 turns).

Shim the Charmwright (High Elf Skald)               Turns: 3959, Time: 00:23:14

Health: -4/39      AC:  3    Str: 11    XL:     6   Next: 39%
Magic:  4/12       EV: 14    Int: 17    God:
Gold:   215        SH:  0    Dex: 16    Spells: 5 memorised, 1 level left

rFire  . . .     SeeInvis .     t - +2 short sword (elec)
rCold  . . .     Clarity  .     n - +1 robe {MR+}
rNeg   . . .     SustAt   .     (no shield)
rPois  .         Gourm    .     (no helmet)
rElec  .         Spirit   .     (no cloak)
rCorr  .         Warding  .     (no gloves)
rMut   .         Stasis   .     (no boots)
MR     +....                    (no amulet)
Stlth  ++........               (no ring)
                                (no ring)

@: singing, regenerating, somewhat resistant to hostile enchantments, unstealthy
A: no striking features
a: Stop Singing


You were on level 4 of the Dungeon.
You were not hungry.

You visited 1 branch of the dungeon, and saw 4 of its levels.

You collected 215 gold pieces.

Inventory:

Hand Weapons
 a - a +0 short sword
 s - a +1 dagger of venom
 t - a +2 short sword of electrocution (weapon)
Missiles
 f - 27 stones (quivered)
Armour
 b - a +0 leather armour
 n - a +1 robe of magic resistance (worn)
 x - a +1 robe of magic resistance
Scrolls
 e - a scroll of amnesia {unknown}
 h - a scroll of magic mapping {unknown}
 i - 2 scrolls of identify
 l - 2 scrolls of enchant weapon {unknown}
 o - a scroll of remove curse
 q - 2 scrolls of teleportation {unknown}
 v - 2 scrolls of immolation {unknown}
 y - a scroll of fog {unknown}
Potions
 j - a potion of flight {unknown}
 k - 2 potions of agility {unknown}
 m - a potion of haste {unknown}
 p - 2 potions of curing {unknown}
 r - a potion of cure mutation {unknown}
 w - 2 potions of lignification {unknown}
Books
 c - a book of Battle

   Spells                             Type                      Level
   a - Infusion                       Charms                       1
   b - Shroud of Golubria             Charms/Translocation         2
   c - Song of Slaying                Charms                       2
   d - Spectral Weapon                Hexes/Charms                 3
   e - Regeneration                   Charms/Necromancy            3
Comestibles
 d - a bread ration
 g - a slice of pizza
 u - 2 chunks of flesh


   Skills:
 + Level 2.2 Fighting
 + Level 3.8 Short Blades
 + Level 0.6 Throwing
 + Level 1.3 Armour
 + Level 3.4 Dodging
 * Level 2.3 Stealth
 + Level 3.6 Spellcasting
 + Level 0.2 Hexes
 + Level 5.2 Charms
 + Level 0.2 Necromancy
 + Level 0.7 Translocations


You had one spell level left.
You knew the following spells:

 Your Spells              Type           Power        Failure   Level  Hunger
a - Infusion              Chrm           ###...       1%          1    None
b - Shroud of Golubria    Chrm/Tloc      ##........   10%         2    ##.....
c - Regeneration          Chrm/Necr      ##........   17%         3    ###....
d - Song of Slaying       Chrm           ###.....     2%          2    ##.....
e - Spectral Weapon       Hex/Chrm       ##......     17%         3    ###....


Dungeon Overview and Level Annotations

Branches:
Dungeon (4/15)
 Temple: D:4-7

Altars:
Ashenzari
Fedhas
Gozag
Makhleb
Nemelex Xobeh
Ru
Yredelemnul


Message History

The orc is heavily wounded.
The orc barely misses you.
You hit the orc but do no damage.
The orc is heavily wounded.
The orc barely misses you.
You hit the orc.
You kill the orc!
You hear an angry hiss.
The orc priest mumbles some strange prayers to Beogh against you.
Something smites you!
Casting: Song of Slaying
Confirm with . or Enter, or press ? or * to list all spells.
You draw out your weapon's spirit!
The orc hits you with a flail!
* * * LOW HITPOINT WARNING * * *
Casting: Spectral Weapon
Confirm with . or Enter, or press ? or * to list all spells.
Your skin crawls.
The orc priest mumbles some strange prayers to Beogh against you.
Something smites you!
You die...

.#.... ..#.# ###...
....._.....# #.....
#...... #.## #..... .
#..... #..####..... ..#
.... #...........
#...####.####.######....
#............# #....
#...#..##### #.... .
#.@(.# ##### ##...
###o## ##...## #...
##.###.....# ##..
#.#.......## ##.
##o........# #.
#.........## ##
##..........# #
#...........#
#...........#


You could see an orc priest and an orc.

Vanquished Creatures
  Blork the orc (D:4)
  An orc priest (D:3)
  An orc wizard (D:3)
  Ijyb (D:2)
  Natasha (thrice) (D:2)
  A worker ant (D:4)
  A hound skeleton (D:4)
  5 adders
  3 worms (D:2)
  2 giant geckos (D:1)
  7 orcs
  8 bats
  8 giant cockroaches
  7 goblins
  4 hobgoblins
  3 jackals (D:1)
  6 kobolds
  A ball python (D:2)
  4 giant newts
  6 rats
  A spectral orc (D:3)
74 creatures vanquished.

Vanquished Creatures (others)
  A spectral weapon (D:4)
1 creature vanquished.

Grand Total: 75 creatures vanquished

Notes
Turn   | Place    | Note
--------------------------------------------------------------
     0 | D:1      | Shim the High Elf Skald began the quest for the Orb.
     0 | D:1      | Reached XP level 1. HP: 14/14 MP: 4/4
   375 | D:1      | Reached skill level 4 in Charms
   423 | D:1      | Reached XP level 2. HP: 16/19 MP: 6/6
   427 | D:1      | Learned a level 2 spell: Shroud of Golubria
   486 | D:1      | Reached skill level 1 in Armour
   940 | D:1      | Reached XP level 3. HP: 24/24 MP: 5/8
  1069 | D:2      | Learned a level 3 spell: Regeneration
  1106 | D:2      | Found a sparkling altar of Nemelex Xobeh.
  1356 | D:2      | Found a blossoming altar of Fedhas.
  1533 | D:2      | Noticed Natasha
  1535 | D:2      | Noticed Ijyb
  1599 | D:2      | Killed Ijyb
  1599 | D:2      | Reached XP level 4. HP: 24/29 MP: 0/9
  1677 | D:2      | Killed Natasha
  1677 | D:2      | Reached skill level 1 in Stealth
  1764 | D:2      | Noticed Natasha
  1780 | D:2      | Killed Natasha
  2029 | D:2      | Reached XP level 5. HP: 26/34 MP: 8/10
  2146 | D:2      | Noticed Natasha
  2179 | D:2      | Killed Natasha
  2405 | D:3      | Learned a level 2 spell: Song of Slaying
  2692 | D:3      | Found a basalt altar of Yredelemnul.
  3606 | D:4      | Reached XP level 6. HP: 33/39 MP: 9/12
  3702 | D:4      | Found an opulent altar of Gozag.
  3738 | D:4      | Learned a level 3 spell: Spectral Weapon
  3747 | D:4      | Found a shattered altar of Ashenzari.
  3781 | D:4      | Reached skill level 5 in Charms
  3828 | D:4      | Noticed Blork the orc
  3839 | D:4      | Killed Blork the orc
  3895 | D:4      | Found a sacrificial altar of Ru.
  3906 | D:4      | Found a burning altar of Makhleb.
  3959 | D:4      | Killed from afar by an orc priest

Vault maps used:
D:1:      minmay_arrival_cross
D:2:      lemuel_crystal_altar, fedhas_altar_4, uniq_iyjb, uniq_natasha
D:3:      yredelemnul_forgotten_temple_becter
D:4:      old_standard_altar, bloody_makhleb, lemuel_doored_altar,
          cheibrodos_ashenzari_chains, grunt_gozag_statues,
          minmay_temple_entry_fiery, uniq_blork_the_orc, uniq_menkaure

Action                   |  1- 3 |  4- 6 || total
-------------------------+-------+-------++-------
Melee: Short sword       |   166 |   138 ||   304
       Dagger            |       |    10 ||    10
Throw: Stone             |    13 |    15 ||    28
 Cast: Infusion          |     9 |     5 ||    14
       Shroud of Golubri |     9 |    17 ||    26
       Regeneration      |     5 |     3 ||     8
       Song of Slaying   |       |     7 ||     7
       Spectral Weapon   |       |     4 ||     4
  Use: Scroll            |       |     2 ||     2
 Stab: Sleeping          |       |     2 ||     2
  Eat: Chunk             |     3 |    10 ||    13
